 Dungeon Crawl Stone Soup version 0.30.0-17-ge0270778cf (webtiles) character file.

Game seed: 8078473573658263798

770 croobank the Insei (level 7, -1/53 HPs)
             Began as a Gnoll Transmuter on May 22, 2023.
             Shot with an arrow by a centaur (7 damage)
             ... on level 5 of the Dungeon.
             The game lasted 00:16:08 (5277 turns).

croobank the Insei (Gnoll Transmuter)               Turns: 5277, Time: 00:16:09

Health: -1/53      AC:  3    Str: 13    XL:     7   Next: 83%
Magic:  13/15      EV: 13    Int: 14    God:
Gold:   194        SH:  5    Dex: 11    Spells: 14/17 levels left

rFire   . . .        a - +1 short sword (venom)
rCold   . . .        (no shield)
rNeg    . . .        b - +0 robe
rPois   +            w - melded +0 helmet
rElec   .            v - +0 cloak
rCorr   .            (no gloves)
SInv    .            (boots currently unavailable)
Will    .....        l - amulet of reflection
Stlth   ++           p - ring of poison resistance
HPRegen 0.28/turn    (no ring)
MPRegen 0.14/turn

%: reflection
@: brilliant, appendages (expiring), wereblooded
A: horns 2, talons 2, fangs 1, strong nose, distributed training, strong 1
a: End Transformation


You were on level 5 of the Dungeon.
You had temporarily grown beastly horns and talons.
You visited 1 branch of the dungeon, and saw 5 of its levels.

You collected 194 gold pieces.

Inventory:

Hand Weapons
 a - a +1 short sword of venom (weapon)
 d - a +0 sling
 e - a +0 hand axe
 h - a +0 dagger
 j - a +0 short sword
Missiles
 u - 10 poisoned darts
 C - 2 javelins
 D - 2 boomerangs of dispersal
Armour
 b - a +0 robe (worn)
 o - a +0 kite shield
 v - a +0 cloak (worn)
 w - a +0 helmet (melded)
 y - the +6 chain mail of Claustrophobia {-Tele rC+ Str+3}
   (You found it on level 5 of the Dungeon)

   Str:       It affects your strength (+3).
   rC:        It protects you from cold.
   -Tele:     It prevents most forms of teleportation.
Jewellery
 l - an amulet of reflection (around neck)
 p - a ring of poison resistance (left hand)
 x - an amulet of faith
Scrolls
 i - a scroll of teleportation
 s - a scroll of blinking
Potions
 c - a potion of resistance
 f - a potion of attraction
 k - 2 potions of curing
 z - a potion of might {unknown}
 B - 2 potions of magic {unknown}


   Skills:
 + Level 3.9 Fighting
 + Level 2.8 Short Blades
 + Level 2.8 Long Blades
 + Level 2.8 Axes
 + Level 2.8 Maces & Flails
 + Level 2.8 Polearms
 + Level 2.8 Staves
 + Level 2.8 Ranged Weapons
 + Level 2.8 Throwing
 + Level 2.8 Armour
 + Level 5.4 Dodging
 + Level 2.8 Stealth
 + Level 2.8 Shields
 + Level 7.2 Unarmed Combat
 + Level 5.8 Spellcasting
 + Level 2.3 Conjurations
 + Level 2.3 Hexes
 + Level 2.3 Summonings
 + Level 2.3 Necromancy
 + Level 2.3 Translocations
 + Level 4.5 Transmutations
 + Level 2.3 Fire Magic
 + Level 2.3 Ice Magic
 + Level 2.3 Air Magic
 + Level 2.3 Earth Magic
 + Level 2.3 Poison Magic
 + Level 3.1 Invocations
 + Level 2.8 Evocations


You had 14 spell levels left.
You knew the following spells:

 Your Spells              Type           Power      Damage    Failure   Level
a - Beastly Appendage     Tmut           50%        N/A       2%          1
b - Wereblood             Tmut           25%        N/A       3%          2

Your spell library contained the following spells:

 Spells                   Type           Power      Damage    Failure   Level
 Freeze                   Ice            60%        1d7       6%          1
 Magic Dart               Conj           60%        1d6       6%          1
 Call Imp                 Summ           30%        N/A       10%         2
 Lesser Beckoning         Tloc           30%        N/A       10%         2
 Spider Form              Tmut/Pois      20%        N/A       12%         3
 Frozen Ramparts          Ice            30%        1d5       19%         3
 Gell's Gravitas          Tloc           15%        N/A       19%         3
 Hailstorm                Conj/Ice       15%        3d5       19%         3
 Mephitic Cloud           Conj/Pois/Air  15%        N/A       19%         3
 Teleport Other           Tloc           15%        N/A       19%         3
 Vhi's Electric Charge    Tloc/Air       30%        N/A       19%         3
 Ice Form                 Ice/Tmut       20%        N/A       36%         4
 Arcjolt                  Conj/Air       7%         1d17      86%         5
 Plasma Beam              Fire/Air       7%         2x1d20    100%        6
 Maxwell's Capacitive Co  Air            7%         ∞         100%        8


Dungeon Overview and Level Annotations

Branches:
Dungeon (5/15)
 Temple: D:4-7

Altars:
Sif Muna

Annotations:
D:2 Terence
D:5 Edmund


Innate Abilities, Weirdness & Mutations

You have temporarily grown beastly horns and talons.
You have very sharp teeth.
Your uncanny sense of smell can sniff out nearby items.
Your experience applies equally to all skills.
Your muscles are strong. (Str +4, Int/Dex -1)


Message History

You open the door.
A water moccasin and a centaur come into view.
Found a scale mail.
The centaur shouts!
The water moccasin hisses angrily.
The water moccasin closely misses you.
The centaur wields a +0 shortbow.
The centaur shoots an arrow.
The arrow hits you! You block the water moccasin's attack.
There is an open door here.
You hit the water moccasin. Your kick misses the water moccasin.
You headbutt the water moccasin.
The water moccasin is lightly wounded.
The centaur shoots an arrow.
The arrow hits you. The water moccasin closely misses you.
Casting: Beastly Appendage (safe; 2% risk of failure)
Confirm with . or Enter, or press ? or * to list all spells.
Your blood is infused with primal strength.
The water moccasin closely misses you.
The centaur shoots an arrow.
The arrow hits you.
* * * LOW HITPOINT WARNING * * *
You hit the water moccasin. Your kick misses the water moccasin.
You headbutt the water moccasin.
The water moccasin is heavily wounded.
Your transformation is almost over.
You block the water moccasin's attack.
The centaur shoots an arrow.
The arrow barely misses you. The water moccasin bites you.
* * * LOW HITPOINT WARNING * * *
It was a potion of brilliance.
You feel clever all of a sudden.
The centaur shoots an arrow.
The arrow closely misses you.
The water moccasin bites you but does no damage.
The centaur shoots an arrow.
You block the arrow with an invisible shield... and reflect it back!
The arrow hits the centaur!
Okay, then.
It was a potion of mutation.
You feel extremely strange.
You feel stronger. The water moccasin bites you.
* * * LOW HITPOINT WARNING * * *
The centaur shoots an arrow.
The arrow hits you!
You die...

#.#.####.....####.#..##.. ##...#∆
##...## ∆#.#.###.. ##..#.# ##.##
#...# #>. ####..##.## #.#
##.#.###.. ###.....##..## +#.#+
##..#..##..
##...##..##...###...###......####
..#####..#........8........##.#
### ##.....)###...###...###.##
..# #..#..##S@#.#).##..# ##.##
..# #..#.##...#.#§..##.# #..# ..#
##.#.#..c##.##.§.#.# ##.# ..#
##...#[.##...##.(#.# #.. .##
###....####.....####.# ##. .#
###....................# #. ##
#...............######## #####
..............#### ###...#
....#.........## ###......


You could see a water moccasin and a centaur.

Vanquished Creatures
  A black bear (D:4)
  An ogre (D:4)
  A centaur (D:5)
  2 phantoms
  4 hounds
  An iguana (D:5)
  2 sleepcaps
  Ijyb (D:3)
  2 orc wizards (D:5)
  3 adders
  A white imp (D:5)
  2 dart slugs
  4 orcs (D:5)
  3 ball pythons
  4 endoplasms
  A giant cockroach (D:1)
  7 goblins
  5 hobgoblins
  6 jackals
  6 quokkas
  5 bats
  7 kobolds
  2 rats
71 creatures vanquished.

Notes
Turn   | Place    | Note
-------+----------+-------------------------------------------
     0 | D:1      | croobank the Gnoll Transmuter began the quest for the Orb.
     0 | D:1      | Reached XP level 1. HP: 17/17 MP: 6/6
   289 | D:1      | Reached XP level 2. HP: 23/23 MP: 5/7
   292 | D:1      | Learned a level 2 spell: Wereblood
   635 | D:1      | Found a faded altar of an unknown god.
  1195 | D:2      | Reached skill level 5 in Spellcasting
  1195 | D:2      | Reached XP level 3. HP: 28/28 MP: 4/9
  1248 | D:2      | Found a shimmering blue altar of Sif Muna.
  1669 | D:2      | Noticed Terence
  1810 | D:3      | Reached skill level 1 in Invocations
  1888 | D:3      | Reached skill level 1 in Short Blades
  1888 | D:3      | Reached skill level 1 in Long Blades
  1888 | D:3      | Reached skill level 1 in Axes
  1888 | D:3      | Reached skill level 1 in Maces & Flails
  1888 | D:3      | Reached skill level 1 in Polearms
  1888 | D:3      | Reached skill level 1 in Staves
  1888 | D:3      | Reached skill level 1 in Ranged Weapons
  1888 | D:3      | Reached skill level 1 in Throwing
  1888 | D:3      | Reached skill level 1 in Armour
  1888 | D:3      | Reached skill level 1 in Stealth
  1888 | D:3      | Reached skill level 1 in Shields
  1888 | D:3      | Reached skill level 1 in Evocations
  1888 | D:3      | Reached XP level 4. HP: 23/34 MP: 8/11
  1992 | D:3      | Noticed Ijyb
  2042 | D:3      | Killed Ijyb
  2043 | D:3      | Reached skill level 1 in Conjurations
  2043 | D:3      | Reached skill level 1 in Hexes
  2043 | D:3      | Reached skill level 1 in Summonings
  2043 | D:3      | Reached skill level 1 in Necromancy
  2043 | D:3      | Reached skill level 1 in Translocations
  2043 | D:3      | Reached skill level 1 in Fire Magic
  2043 | D:3      | Reached skill level 1 in Ice Magic
  2043 | D:3      | Reached skill level 1 in Air Magic
  2043 | D:3      | Reached skill level 1 in Earth Magic
  2043 | D:3      | Reached skill level 1 in Poison Magic
  2927 | D:4      | Reached XP level 5. HP: 36/41 MP: 8/12
  3032 | D:4      | Noticed an ogre
  3040 | D:5      | Entered Level 5 of the Dungeon
  3046 | D:5      | Identified the +6 chain mail of Claustrophobia {-Tele rC+
                  | Str+3}
  3101 | D:4      | Killed an ogre
  3102 | D:4      | Reached XP level 6. HP: 18/47 MP: 13/13
  3359 | D:4      | Reached skill level 5 in Dodging
  3644 | D:4      | Noticed a black bear
  3661 | D:4      | Killed a black bear
  4266 | D:5      | Noticed Edmund
  4369 | D:5      | Reached skill level 7 in Unarmed Combat
  4369 | D:5      | Reached XP level 7. HP: 52/52 MP: 13/15
  5277 | D:5      | Gained mutation: Your muscles are strong. (Str +4, Int/Dex
                  | -1) [potion of mutation]
  5277 | D:5      | Shot with an arrow by a centaur

Illustrated notes

Levels and vault maps discovered:
D:1:      denvon_arrival_planthouse, layout_basic, ebering_ecumenical_altar_webs
D:2:      layout_loops_corners, basic_altar, uniq_terence
D:3:      cheibrodos_helix_gallery, layout_basic, uniq_ijyb
D:4:      layout_basic, dk_vineyard_2, hangedman_decor_slide_cut
D:5:      cheibrodos_barr_body, layout_cave_pods, lexackson_kobold_supper,
          uniq_edmund

Skill      XL: |  1  2  3  4  5  6  7 |
---------------+----------------------+-----
Spellcasting   | 5 |  5.8
Invocations    | 1 2 3 |  3.1
Short Blades   | 1 2 |  2.8
Long Blades    | 1 2 |  2.8
Axes           | 1 2 |  2.8
Maces & Flails | 1 2 |  2.8
Polearms       | 1 2 |  2.8
Staves         | 1 2 |  2.8
Ranged Weapons | 1 2 |  2.8
Throwing       | 1 2 |  2.8
Armour         | 1 2 |  2.8
Stealth        | 1 2 |  2.8
Shields        | 1 2 |  2.8
Evocations     | 1 2 |  2.8
Conjurations   | 1 2 |  2.3
Hexes          | 1 2 |  2.3
Summonings     | 1 2 |  2.3
Necromancy     | 1 2 |  2.3
Translocations | 1 2 |  2.3
Fire Magic     | 1 2 |  2.3
Ice Magic      | 1 2 |  2.3
Air Magic      | 1 2 |  2.3
Earth Magic    | 1 2 |  2.3
Poison Magic   | 1 2 |  2.3
Fighting       | 3 |  3.9
Transmutations | 4 |  4.5
Dodging        | 5 |  5.4
Unarmed Combat | 7 |  7.2

Action                     |  1- 3 |  4- 6 |  7- 9 || total
---------------------------+-------+-------+-------++-------
  Melee: Unarmed           |    10 |       |       ||    10
         Dagger            |    78 |    52 |       ||   130
         Kick              |    19 |    24 |    12 ||    55
         Headbutt          |     5 |    13 |    11 ||    29
         Bite              |     4 |     8 |     5 ||    17
         Punch             |     1 |     5 |     2 ||     8
         Short sword       |       |    62 |    69 ||   131
   Cast: Beastly Appendage |    21 |    18 |     5 ||    44
         Wereblood         |    15 |    14 |     5 ||    34
    Use: Scroll            |     3 |       |     7 ||    10
         Potion            |       |     1 |     3 ||     4
   Stab: Sleeping          |       |     1 |       ||     1
 Armour: Robe              |    13 |     6 |    20 ||    39
         Skin              |       |    23 |       ||    23
         Chain mail        |       |     1 |       ||     1
  Dodge: Dodged            |    45 |    37 |    33 ||   115
  Block: Other             |    19 |    18 |    20 ||    57
         Reflection        |     2 |       |     4 ||     6
